 Dungeon Crawl Stone Soup version 0.31-a0-949-g57150269e1 (webtiles) character file.

Game seed: 303899369690425821

8621 scionoferis the Severer (level 11, 0/108 HPs)
             Began as a Minotaur Chaos Knight on Oct 21, 2023.
             Was a Plaything of Xom.
             Slain by a dire elephant simulacrum (16 damage)
             ... in an ice cave.
             The game lasted 00:30:43 (9459 turns).

scionoferis the Severer (Minotaur Chaos Knight)     Turns: 9459, Time: 00:30:44

Health: 0/108      AC: 15    Str: 23    XL:     11   Next: 12%
Magic:  0/10       EV: 18    Int: 13    God:    Xom [.....*]
Gold:   544        SH:  0    Dex: 28    Spells: 10/10 levels left

rFire   + . .        a - +0 hand axe (chaos)
rCold   . . .        (no shield)
rNeg    . . .        f - +0 acid dragon scales
rPois   .            (helmet unavailable)
rElec   .            N - +0 cloak
rCorr   +            m - +1 pair of gloves
SInv    .            P - +1 pair of boots
Will    .....        O - amulet of regeneration
Stlth   ++           u - +6 ring of dexterity
HPRegen 1.98/turn    D - +6 ring of dexterity
MPRegen 0.12/turn

%: no passive effects
@: no status effects
A: horns 3, retaliatory headbutt, iridescent scales 1, agile 2, clever 2, fire
resistance 1, sense surroundings 1, regeneration 1, robust 1, strong 2, subdued
magic 1, inability to read after injury 1, MP-powered wands, sturdy frame 1
a: Renounce Religion


You were in an ice cave.
You worshipped Xom.
You were Xom's teddy bear.
You visited 1 branch of the dungeon, and saw 11 of its levels.
You also visited: Ice Cave.

You collected 544 gold pieces.


Innate Abilities, Weirdness & Mutations

You have a pair of large horns on your head.
You reflexively headbutt those who attack you in melee.
You are partially covered in iridescent scales. (AC +2)
You are very agile. (Dex +8, Str/Int -2)
Your mind is very acute. (Int +8, Str/Dex -2)
Your flesh is heat resistant. (rF+)
You passively map a small area around you.
Your natural rate of healing is unusually fast.
You are robust. (+10% HP)
Your muscles are very strong. (Str +8, Int/Dex -2)
Your spells are a little easier to cast, but a little less powerful.
You occasionally lose the ability to read scrolls when taking damage.
You expend magic power (3 MP) to strengthen your wands.
Your movements are slightly less encumbered by armour. (ER -2)


   Skills:
 - Level 10.0 Fighting
 * Level 15.4 Axes
 - Level 5.0 Armour
 + Level 6.1 Dodging
 + Level 4.9 Evocations


You had 10 spell levels left.
You didn't know any spells.
Your spell library contained the following spells:

 Spells                   Type           Power      Damage    Failure   Level
 Sandblast                Erth           0%         2d4       28%         1
 Lesser Beckoning         Tloc           0%         N/A       41%         2
 Passwall                 Tmut/Erth      0%         N/A       41%         2
 Gell's Gravitas          Tloc           0%         N/A       65%         3
 Stone Arrow              Conj/Erth      0%         3d7       65%         3
 Teleport Other           Tloc           0%         N/A       65%         3
 Brom's Barrelling Bould  Conj/Erth      0%         2d3       96%         4

Inventory:

Hand Weapons
 a - a +0 hand axe of chaos (weapon)
 G - a +0 war axe
   (You took it off an orc priest on level 5 of the Dungeon)
 H - a +2 flail of holy wrath
   (You took it off an orc on level 5 of the Dungeon)
 Q - a +5 hand axe
   (You took it off a wight on level 9 of the Dungeon)
Missiles
 d - 9 boomerangs
 B - 11 poisoned darts (quivered)
 K - 4 throwing nets
Armour
 f - +0 acid dragon scales (worn)
   (You found it on level 9 of the Dungeon)
 m - a +1 pair of gloves (worn)
   (You found it on level 2 of the Dungeon)
 N - a +0 cloak (worn)
   (You found it on level 7 of the Dungeon)
 P - a +1 pair of boots (worn)
   (You found it on level 9 of the Dungeon)
Jewellery
 p - a ring of fire
   (You found it on level 5 of the Dungeon)
 u - a +6 ring of dexterity (left hand)
   (You found it on level 3 of the Dungeon)
 x - a ring of fire
   (You found it on level 3 of the Dungeon)
 D - a +6 ring of dexterity (right hand)
   (You took it off an orc on level 5 of the Dungeon)
 O - an amulet of regeneration (around neck)
   (You found it on level 7 of the Dungeon)
Wands
 t - a wand of roots (12)
   (You found it on level 3 of the Dungeon)
 z - a wand of mindburst (6)
   (You found it on level 9 of the Dungeon)
 I - a wand of flame (23)
   (You found it on level 6 of the Dungeon)
 L - a wand of light (4)
   (You found it on level 6 of the Dungeon)
 T - a wand of digging (12)
   (You found it on level 10 of the Dungeon)
Scrolls
 c - a scroll of butterflies
 s - a scroll of silence
 w - 2 scrolls of fog
 y - 2 scrolls of immolation
 J - a scroll of revelation
 M - 3 scrolls of teleportation
 S - a scroll of torment {unknown}
Potions
 b - a potion of berserk rage {unknown}
 e - a potion of haste {unknown}
 g - a potion of lignification {unknown}
 h - a potion of heal wounds
 j - a potion of cancellation {unknown}
 n - a potion of degeneration {unknown}
 q - 4 potions of might
 v - 2 potions of curing
 A - a potion of brilliance {unknown}
 C - 2 potions of attraction {unknown}
 R - a potion of mutation {unknown}

Dungeon Overview and Level Annotations

Branches:
Dungeon (11/15)            Temple (0/1) D:7           IceCv (1/1)
   Lair: D:8-11         Orc: D:9-12

Altars:
Dithmenos
Elyvilon
Fedhas
Makhleb
Okawaru
Ru
Xom
Zin

Shops:
D:3 [   D:4 [   D:6 :

Annotations:
D:5 2 runed translucent doors, promet's ghost, amateur OgWn

#......$......#
#....8...8....#
#.............#
#...........#
#...........#
#...........#
#...ZZ....#
#..ZZuZ.#
##..@..##
#######


You could see a green ugly thing (blind), a death yak simulacrum (strong), an
elephant simulacrum, a dire elephant simulacrum (strong), a cane toad simulacrum
and a polar bear simulacrum.


Message History

The guardian serpent coils itself and waves its upper body at you.
You feel as though you will be slow longer.
Your iron imp closely misses the guardian serpent.
Your sixfirhy misses the guardian serpent.
The guardian serpent casts a spell at you.
The bolt of poison misses you.
Aiming: Bolt of Light
Press: ? - help, Shift-Dir - straight line, p - guardian serpent You feel a surge of power!
The bolt of light misses the guardian serpent.
You feel very sick.
Your iron imp closely misses the guardian serpent.
The guardian serpent barely misses you.
Unknown command.
Aiming: Bolt of Light
Press: ? - help, Shift-Dir - straight line You feel a surge of power!
The bolt of light hits the guardian serpent.
The guardian serpent is heavily wounded.
The guardian serpent is blinded.
You feel very sick.
Your sixfirhy closely misses the guardian serpent.
The guardian serpent hits you but does no damage.
Your iron imp completely misses the guardian serpent.
Your crimson imp blinks!
Your sixfirhy hits the guardian serpent.
Your sixfirhy shocks the guardian serpent!
The guardian serpent coils itself and waves its upper body at you.
You feel as though you will be slow longer.
You hit the guardian serpent but do no damage.
The guardian serpent is severely wounded.
You feel sick.
Your sixfirhy hits the guardian serpent!
The guardian serpent dies!
Your life force feels restored.
Training target 5.0 for Armour reached!
Your Armour skill increases to level 5!
Your Evocations skill increases to level 3!
You feel sick.
You feel sick.
Your sixfirhy disappears in a puff of smoke!
You feel sick.
Your iron imp disappears in a puff of smoke!
You feel sick.
You are no longer poisoned.
Your shadow imp disappears in a puff of smoke!
Your crimson imp disappears in a puff of smoke!
Magic restored.
Found a whip.
You see here a +0 whip.
You feel yourself speed up.
An acid dragon comes into view.
You now have 428 gold pieces (gained 17).
You slash the acid dragon!
The acid dragon is moderately wounded.
The acid dragon misses you. x2
You hit the acid dragon but do no damage.
You headbutt the acid dragon!
The acid dragon is heavily wounded.
The acid dragon closely misses you. You furiously retaliate!
You headbutt the acid dragon!
You kill the acid dragon!
The acid dragon scales are intact enough to wear.
Your Dodging skill increases to level 4!
Things that are here:
+0 acid dragon scales; an acid dragon corpse f - +0 acid dragon scales You start removing your armour.
You continue taking off your +2 leather armour. x4
You finish taking off your +2 leather armour.
You start putting on your armour.
You continue putting on your +0 acid dragon scales. x5
You finish putting on your +0 acid dragon scales.
Unknown command.
You drop a +2 leather armour.
As you open the door, it creaks loudly!
Found a stone staircase leading up.
There is an open door here.
You open the door.
A wraith comes into view.
You hit the wraith.
The wraith resists with almost no effort.
You headbutt the wraith, but do no damage.
The wraith is lightly damaged.
You hit the wraith but do no damage.
The wraith is lightly damaged.
The wraith hits you.
You hit the wraith. You punch the wraith, but do no damage.
The wraith is lightly damaged.
You slash the wraith!
The wraith convulses!
The wraith is severely damaged.
The wraith hits you but does no damage.
You hit the wraith but do no damage.
The wraith appears confused.
The wraith is severely damaged.
Found a wand of flame (10).
There is an open door here.
You hit the wraith but do no damage.
The wraith resists with almost no effort.
The wraith is severely damaged.
You slash the wraith!
You destroy the wraith!
Your Axes skill increases to level 14!
No target in view!
I - a wand of flame (37) (gained 10 charges)
Found a stone staircase leading down.
You are now Xom's teddy bear.
There is a stone staircase leading down here.
You open the door.
There is an open door here.
There is an open door here.
You now have 440 gold pieces (gained 12).
b - a fizzy inky potion You open the door.
Found a glowing silver altar of Zin.
z - a wand of mindburst (7)
Found a stone staircase leading down.
You see here a +2 spectral quarterstaff.
Q - a scroll of identify You open the door.
There is an open door here.
As you open the door, it creaks loudly!
A bullfrog comes into view.
Found a mace.
Xom opens a gate.
You hit the bullfrog. You freeze the bullfrog.
The bullfrog is lightly wounded.
The bullfrog hits you but does no damage.
You slash the bullfrog!
The bullfrog resists with some effort.
The bullfrog is heavily wounded.
You slash the bullfrog!
The bullfrog suddenly seems more resistant.
The bullfrog is almost dead.
The bullfrog hits you but does no damage.
You slash the bullfrog!
You kill the bullfrog!
As you read the scroll of identify, it crumbles to dust.
v - 2 potions of curing "Hum-dee-hum-dee-hum..."
Your white imp evaporates and reforms as a cerulean imp!
You swap places.
There is an open door here.
You now have 450 gold pieces (gained 10).
You see here a +0 mace.
As you open the door, it creaks loudly!
There is an open door here.
There is an open door here.
There is an open door here.
Found 9 stones.
You open the door.
There is an open door here.
You open the door.
There is an open door here.
Found a stone staircase leading up.
You open the large door.
There is a large open door here.
You open the door.
There is an open door here.
You open the door.
Found a stone staircase leading down.
There is an open door here.
You swap places.
There is an open door here.
There is an open door here.
You open the door.
There is an open door here.
A steam dragon comes into view.
The helpless steam dragon fails to defend itself.
You hit the steam dragon but do no damage.
Your cerulean imp hits the steam dragon but does no damage.
The steam dragon closely misses you. x2
You hit the steam dragon but do no damage.
Your headbutt misses the steam dragon.
Your cerulean imp closely misses the steam dragon.
You hit the steam dragon.
Lightning courses through the steam dragon!
The steam dragon is heavily wounded.
The steam dragon misses you. You furiously retaliate!
You headbutt the steam dragon!
The steam dragon claws you but does no damage.
You slash the steam dragon!
You kill the steam dragon!
The steam dragon scales are intact enough to wear.
Your cerulean imp disappears in a puff of smoke!
You open the door.
There is an open door here.
You now have 460 gold pieces (gained 10).
There is an open door here.
Found 4 stones.
You see here 4 stones.
You pick up a book of Displacement and begin reading...
You add the spells Lesser Beckoning, Gell's Gravitas and Teleport Other to your library.
You open the door.
There is an open door here.
You hit the yak. You freeze the yak.
The yak is lightly wounded.
You slash the yak!
The yak is moderately wounded.
The yak gores you!
You slash the yak! You burn the yak. You headbutt the yak.
The yak is heavily wounded.
You hit the yak but do no damage.
The yak is heavily wounded.
The yak gores you.
You slash the yak! You burn the yak. You headbutt the yak.
You kill the yak!
No target in view!
You open the door.
There is an open door here.
Found a short sword.
You see here a +0 short sword.
You open the door.
There is an open door here.
You open the door.
There is an open door here.
You see here a +0 short sword.
You open the door. 5 wights come into view.
You barely miss the wight. The wight misses you.
You hit the wight but do no damage. The wight misses you.
You slash the wight!
The wight is heavily damaged.
You hit the wight but do no damage. Lightning courses through the wight!
You destroy the wight!
You hit the wight.
The wight is lightly damaged.
You hit the wight but do no damage. You headbutt the wight!
The wight is severely damaged.
The wight barely misses you.
You slash the wight!
You destroy the wight!
The wight misses you. The wight closely misses you.
Items here: )) [[.
You hit the wight. You burn the wight.
You headbutt the wight, but do no damage.
The wight is moderately damaged.
The wight barely misses you.
You hit the wight but do no damage.
The wight seems to slow down.
The wight is moderately damaged.
The wight is no longer moving slowly.
You hit the wight.
The wight convulses!
You destroy the wight!
Things that are here:
a +3 halberd; a +0 robe
Items here: )) [[.
Okay, then.
Q - a +5 hand axe
Things that are here:
a +3 halberd; a +0 robe
There is an open door here.
The wight misses you. You furiously retaliate!
You headbutt the wight!!
You destroy the wight!
The wight closely misses you. The wight hits you but does no damage.
Things that are here:
a +0 spear; a +0 robe You slash the wight!
The wight suddenly seems more agile.
Xom thinks this is hilarious!
Your headbutt misses the wight.
The wight is heavily damaged.
You closely miss the wight.
The wight is heavily damaged.
The wight misses you.
You miss the wight.
The wight is heavily damaged.
You slash the wight!
You destroy the wight!
Things that are here:
a +3 falchion; a +0 robe
Things that are here:
a +0 spear; a +0 robe Done exploring.
Search for what [Enter for "scroll", or ? for help]? d: Unknown command.
You have 460 gold pieces.
There is an open door here.
There is an open door here.
There is a stone staircase leading down here.
You climb downwards.
Found a great mace.
Found a stone staircase leading down.
There is a stone staircase leading up here.
Found a stone staircase leading down.
A howler monkey comes into view.
Found 14 gold pieces.
The howler monkey howls!
The howler monkey hoots and howls with incredible vigour!
The howler monkey hits you but does no damage.
You hear a shout! x5; You hear a bellow!
You see here a sedimented black potion.
You hit the howler monkey.
The howler monkey is lightly wounded.
You closely miss the howler monkey.
The howler monkey is lightly wounded.
The howler monkey barely misses you.
You slash the howler monkey!
The howler monkey is heavily wounded.
The howler monkey hoots and howls with incredible vigour!
You hear a bellow! x3
You slash the howler monkey!
You kill the howler monkey!
No target in view!
R - a sedimented black potion Nergalle opens the door.
Nergalle mutters something.
You start waiting.
Nergalle the Soulbinder opens the door.
She is wielding a +0 dagger and wearing a +2 robe of positive energy.
Nergalle moves out of view.
An orc wizard comes into view. It is wielding a +0 dagger of draining.
An orc comes into view. It is wielding a +0 dagger.
Nergalle points at you and mumbles some strange words.
The bolt of negative energy hits you!
You feel drained.
The orc wizard shouts!
The orc shouts!
Aiming: Bolt of Light
Press: ? - help, Shift-Dir - straight line, f - orc
Aim: an orc, wielding a +0 dagger and wearing a +0 ring mail (77% to hit)
You feel a surge of power!
The bolt of light hits Nergalle!
Nergalle is lightly wounded.
Nergalle is blinded.
The bolt of light hits the orc wizard!
The orc wizard is heavily wounded.
The orc wizard is blinded.
The bolt of light hits the orc!!
You kill the orc!
Nergalle asks, "There's a tasty morsel, hm?"
You closely miss Nergalle.
Nergalle is lightly wounded.
An orc comes into view. It is wielding a +0 mace.
You strike the helpless Nergalle from behind!
You hit Nergalle. You headbutt Nergalle!
Nergalle is moderately wounded.
Nergalle hits you but does no damage.
You hit Nergalle but do no damage.
Nergalle suddenly seems more resistant.
Your headbutt misses Nergalle.
Nergalle is moderately wounded.
You slash Nergalle! You headbutt Nergalle!
Nergalle is severely wounded.
Nergalle closely misses you.
You hit Nergalle.
Nergalle is severely wounded.
Nergalle closely misses you.
You hit Nergalle. You headbutt Nergalle.
Nergalle is almost dead.
You hit Nergalle. You burn Nergalle. You headbutt Nergalle.
Nergalle is almost dead.
Nergalle hits you but does no damage.
You catch the helpless Nergalle completely off-guard!
You hit Nergalle but do no damage. You headbutt Nergalle.
You kill Nergalle!
Your life force feels restored.
Your Dodging skill increases to level 5!
Your Evocations skill increases to level 4!
You hit the orc. You burn the orc.
The orc is severely wounded.
You slash the orc! You burn the orc.
You kill the orc!
Items here: )) [ ††.
You hit the orc wizard but do no damage.
You headbutt the orc wizard!
You kill the orc wizard!
Things that are here:
a +0 dagger of draining; a +0 robe
Items here: )) [ ††.
Okay, then.
Unknown command.
Things that are here:
a +0 dagger of draining; a +0 robe You now have 474 gold pieces (gained 14).
An orc comes into view. It is wielding a +0 trident.
The orc moves out of view.
Things that are here:
a +0 dagger; a +0 ring mail; an orc corpse The orc barely misses you.
You furiously retaliate!
You headbutt the orc. You hit the orc but do no damage.
Your headbutt misses the orc.
The orc is severely wounded.
You hit the orc.
You kill the orc!
No target in view!
Magic restored.
As you open the door, it creaks loudly!
There is an open door here.
A centaur comes into view. It is wielding a +0 battleaxe.
The centaur unwields a +0 battleaxe.
The centaur wields a +0 orcbow.
The centaur shoots an arrow.
The arrow closely misses you.
The centaur shoots an arrow.
The arrow barely misses you.
The centaur unwields a +0 orcbow.
The centaur wields a +0 battleaxe.
The centaur barely misses you. You furiously retaliate!
You headbutt the centaur! The centaur barely misses you.
You hit the centaur.
The centaur seems to grow stronger.
The centaur is severely wounded.
The centaur completely misses you. You furiously retaliate!
You headbutt the centaur.
The centaur kicks you but does no damage.
You hit the centaur but do no damage.
The centaur is almost dead.
The centaur hits you with a +0 battleaxe.
The centaur completely misses you.
You slash the centaur!
You kill the centaur!
Items here: )) [ †.
Okay, then.
Unknown command.
Things that are here:
a +0 trident; a +0 leather armour; an orc corpse
Things that are here:
a +0 dagger; a +0 ring mail; an orc corpse
There is an open door here.
S - a scroll labelled MEOC BIFULAO You open the door.
There is an open door here.
As you open the door, it creaks loudly!
You open the door.
There is an open door here.
Found 4 stones.
You see here 4 stones.
You open the door.
There is an open door here.
There is an open door here. 2 yaks come into view. 2 yaks come into view.
Throw: 11 darts (poison)
Press: ? - help, Q - select action, (/) - cycle Shift-Dir - straight line, f - yak
Aim: a yak (asleep, 98% to hit)
You throw a poisoned dart. The poisoned dart hits the yak.
The yak is poisoned.
The yak bellows!
The yak bellows! "Let's go for a ride!"
Your surroundings suddenly seem different.
Splash!
You fall into the shallow water.
Moving in this stuff is going to be slow.
Unknown command.
There is an open door here.
As you open the door, it creaks loudly!
You hear a bellow! x4 4 yaks come into view.
The yak bellows! x3; You hear a bellow! x2
There is an open door here.
A yak comes into view.
The yak moves out of view.
You hit the yak but do no damage.
The yak evaporates and reforms as a wind drake!
A yak comes into view.
You barely miss the wind drake. The wind drake barely misses you.
You furiously retaliate!
You headbutt the wind drake! You hit the wind drake.
Lightning courses through the wind drake!!
Your headbutt misses the wind drake.
The wind drake is heavily wounded.
Xom momentarily opens a gate.
The wind drake exhales a fierce blast of wind!
Your ufetubus is knocked back by the gust of wind.
Your quasit is knocked back by the gust of wind.
Your quasit slams into the rock wall!
Your quasit is heavily wounded.
Your crimson imp is knocked back by the gust of wind.
Your crimson imp slams into the rock wall!
Your crimson imp is severely wounded.
You are knocked back by the gust of wind.
You collide with your quasit!
Your quasit dies!
Your quasit disappears in a puff of smoke!
You hit the wind drake. You burn the wind drake.
You headbutt the wind drake, but do no damage.
The wind drake is heavily wounded.
A yak comes into view.
You miss the wind drake.
The wind drake is heavily wounded.
The wind drake flaps its wings at you. The air twists around and strikes you.
You hit the wind drake.
Space warps around the wind drake.
The wind drake is severely wounded. "Whee!"
Your surroundings suddenly seem different.
Your surroundings suddenly seem different.
Your surroundings suddenly seem different. 3 killer bees come into view.
Your surroundings suddenly seem different.
The killer bee moves out of view. x3
Unknown command.
Unknown command.
You now have 491 gold pieces (gained 17). 2 yaks come into view.
The yak bellows! x2
You slash the yak!
The yak is poisoned.
The yak is moderately wounded.
You slash the yak!
The yak suddenly seems more resistant.
The yak is heavily wounded.
The yak gores you but does no damage.
You barely miss the yak.
The yak is heavily wounded.
The yak gores you but does no damage.
You hit the yak.
The yak looks as sick as possible!
The yak is severely wounded.
You hit the yak.
The yak is severely wounded.
The yak barely misses you. You furiously retaliate!
You headbutt the yak!
You kill the yak!
You hit the yak but do no damage.
The yak easily resists.
You hit the yak.
The yak easily resists.
You headbutt the yak.
The yak is lightly wounded.
The yak closely misses you.
You barely miss the yak.
The yak is lightly wounded.
You hit the yak. You burn the yak.
The yak is lightly wounded.
You slash the yak!
The yak is moving more slowly.
You headbutt the yak!
The yak is heavily wounded.
You hear a bellow!
You slash the yak!
The yak resists with some effort.
You punch the yak.
The yak is severely wounded.
You hit the yak but do no damage.
The yak is severely wounded.
Xom grants you some temporary aid. The yak misses you.
You hit the yak.
The yak is poisoned.
You headbutt the yak.
The yak is severely wounded.
The yak gores you but does no damage.
You catch the helpless yak completely off-guard!
You hit the yak but do no damage.
The yak is severely wounded.
Your red devil hits the yak from afar with a +0 trident!!
The yak dies!
Your iron imp hits the yak!
Your red devil barely misses the yak.
You hit the yak but do no damage.
The yak is moderately wounded.
Your iron imp hits the yak but does no damage.
The yak gores your iron imp!
You hit the yak but do no damage.
The yak is poisoned.
The yak is moderately wounded.
Your red devil hits the yak from afar with a +0 trident.
The yak is skewered by barbed spikes.
You hit the yak but do no damage.
The yak seems to grow stronger.
You headbutt the yak, but do no damage.
The yak is moderately wounded.
The yak barely misses you.
Your iron imp closely misses the yak.
Your red devil hits the yak from afar with a +0 trident!
The yak is skewered by barbed spikes.
You hit the yak but do no damage.
The yak seems to speed up.
The yak is severely wounded.
The yak gores you.
You completely miss the yak. You punch the yak, but do no damage.
The yak is severely wounded.
The yak barely misses you.
Your red devil hits the yak from afar with a +0 trident!
The yak is skewered by barbed spikes.
Your iron imp hits the yak.
The yak dies!
Your crimson imp blinks!
Your red devil hits the yak from afar with a +0 trident!
The yak is skewered by barbed spikes.
Your iron imp hits the yak but does no damage.
You catch the helpless yak completely off-guard!
You hit the yak but do no damage. You headbutt the yak!
The yak is severely wounded.
The yak closely misses you. You furiously retaliate!
You headbutt the yak!
You kill the yak!
Your iron imp barely misses the yak.
The yak gores you but does no damage.
You hit the yak.
The yak is poisoned.
You headbutt the yak!!
The yak is severely wounded.
Your red devil hits the yak from afar with a +0 trident.
The yak is skewered by barbed spikes.
You catch the helpless yak completely off-guard!
You hit the yak. You drain the yak.
You kill the yak!
Your Axes skill increases to level 15!
B - 11 poisoned darts (gained 1)
You swap places.
You swap places.
You swap places.
A killer bee comes into view.
The killer bee moves out of view.
A killer bee is nearby!
Q - a +5 hand axe (weapon)
The killer bee stings you but does no damage.
Your red devil barely misses the killer bee.
You hit the killer bee.
The killer bee is lightly wounded.
The killer bee closely misses you.
Your red devil closely misses the killer bee.
Your crimson imp blinks!
The killer bee closely misses you.
The killer bee buzzes angrily.
You hit the killer bee. You headbutt the killer bee!
You kill the killer bee!
The killer bee completely misses you. You furiously retaliate!
You headbutt the killer bee. You hit the killer bee.
Your headbutt misses the killer bee.
The killer bee is lightly wounded.
Your crimson imp disappears in a puff of smoke!
The killer bee misses you. You furiously retaliate!
You headbutt the killer bee.
Your red devil hits the killer bee from afar with a +0 trident!!
The killer bee dies!
Your crimson imp disappears in a puff of smoke!
The killer bee misses you. The killer bee barely misses you.
You see here a killer bee corpse.
You slash the killer bee!
The killer bee is severely wounded.
The killer bee closely misses you.
A killer bee comes into view.
You barely miss the killer bee.
The killer bee is severely wounded.
The killer bee stings you!
You are poisoned.
The killer bee poisons you!
You hit the killer bee. Your headbutt misses the killer bee.
The killer bee is severely wounded.
You feel sick.
The killer bee stings you but does no damage. x2
You slash the killer bee!
You kill the killer bee!
You feel sick.
You hit the killer bee.
The killer bee is moderately wounded.
The killer bee misses you.
Your red devil hits the killer bee from afar with a +0 trident!
The killer bee dies!
Found a stone staircase leading up.
You feel sick.
Your iron imp degenerates into a cloud of primal chaos!
The killer bee misses you. x2
You hit the killer bee. Your headbutt misses the killer bee.
The killer bee is moderately wounded.
The killer bee stings you.
You hit the killer bee.
The killer bee is heavily wounded.
You feel sick.
The killer bee stings you but does no damage.
Your red devil closely misses the killer bee.
You closely miss the killer bee. You headbutt the killer bee!
You kill the killer bee!
You feel sick.
You see here a killer bee corpse.
Your +0 hand axe of chaos is briefly surrounded by a scintillating aura of random colours.
a - a +0 hand axe of chaos (weapon)
You feel sick.
You feel sick.
You are no longer poisoned.
HP restored.
Your red devil disappears in a puff of smoke!
You now have 511 gold pieces (gained 20).
You open the door.
There is an open door here.
As you open the door, it creaks loudly!
There is an open door here.
As you open the door, it creaks loudly!
Found a stone staircase leading down.
There is an open door here.
There is a stone staircase leading down here.
T - a wand of digging (8)
You now have 529 gold pieces (gained 18).
Found 3 stones.
You see here 3 stones.
Found a stone staircase leading up.
There is a stone staircase leading up here.
A gargoyle comes into view. It is wielding a +0 flail. "Whee!"
Your surroundings suddenly seem different.
The gargoyle moves out of view.
Unknown command.
Unknown command.
You open the door.
There is an open door here.
There is a shaft here.
The yak bellows! x2; You hear a bellow!
The yak bellows!
You hear a bellow!
There is an open door here.
You slash the yak!
The yak is poisoned.
You headbutt the yak!
The yak is heavily wounded.
You hit the yak but do no damage.
The yak suddenly seems more agile.
You headbutt the yak.
The yak is severely wounded.
The yak gores you!
You barely miss the yak. Your headbutt misses the yak.
The yak is severely wounded.
You barely miss the yak. You headbutt the yak, but do no damage.
The yak is severely wounded.
Xom guffaws.
You summon a manticore!
The yak closely misses you.
You hit the yak but do no damage. You headbutt the yak.
You kill the yak!
You slash the yak! You burn the yak.
The yak is heavily wounded.
You barely miss the yak.
The yak is heavily wounded.
The yak closely misses you.
You hit the yak. You freeze the yak.
The yak is heavily wounded.
You slash the yak!
The yak is almost dead.
The yak barely misses you.
You hit the yak.
The yak is almost dead.
The yak closely misses you.
You slash the yak!
You kill the yak!
You swap places.
Your manticore bites the yak.
Your manticore claws the yak.
Your manticore claws the yak!
The yak gores your manticore!
Your manticore bites the yak!
Your manticore claws the yak but does no damage.
Your manticore claws the yak.
The yak dies!
You have reached level 11!
Your manticore bites the yak.
Your manticore claws the yak.
Your manticore barely misses the yak.
The yak gores your manticore.
Your manticore bites the yak.
Your manticore claws the yak.
Your manticore claws the yak!
The yak gores your manticore!
Your manticore bites the yak.
Your manticore barely misses the yak.
Your manticore claws the yak.
The yak barely misses your manticore.
Your manticore bites the yak!!
The yak dies!
Your manticore bites the yak.
Your manticore claws the yak but does no damage.
Your manticore claws the yak!
The yak closely misses your manticore.
Your manticore bites the yak!!
Your manticore barely misses the yak.
Your manticore claws the yak!
The yak dies!
Your manticore barely misses the yak.
Your manticore claws the yak.
Your manticore claws the yak!
The yak gores your manticore!
Your manticore bites the yak.
Your manticore barely misses the yak.
Your manticore claws the yak.
The yak gores your manticore.
Your manticore bites the yak!!
The yak dies!
Your Dodging skill increases to level 6!
You swap places.
Your manticore flicks its tail.
The volley of spikes hits the wind drake!
Your manticore bites the wind drake but does no damage.
Your manticore claws the wind drake. x2
Things that are here:
a yak corpse; a yak corpse; a yak corpse You hit the wind drake.
You headbutt the wind drake!
The wind drake is severely wounded.
You hit the wind drake but do no damage.
The wind drake is poisoned.
The wind drake is severely wounded.
The wind drake flaps its wings at you. The air twists around and strikes you!
Your manticore bites the wind drake!!
The wind drake dies!
The yak returns to its original shape as it dies.
Your manticore disappears in a puff of smoke!
Found a dagger.
T - a wand of digging (12) (gained 4 charges)
A wraith comes into view.
You slash the wraith! You freeze the wraith.
The wraith is moderately damaged.
The wraith hits you but does no damage.
You slash the wraith! You freeze the wraith.
The wraith is heavily damaged.
The wraith barely misses you.
You hit the wraith but do no damage. You headbutt the wraith.
The wraith is severely damaged.
You barely miss the wraith.
The wraith is severely damaged.
The wraith barely misses you. You furiously retaliate!
You headbutt the wraith. You hit the wraith but do no damage.
The wraith is severely damaged.
You hit the wraith but do no damage.
The wraith suddenly seems more agile.
The wraith is severely damaged.
The wraith hits you. The wraith drains your vigour!
You feel yourself slow down.
You slash the wraith! You burn the wraith.
You destroy the wraith!
You now have 544 gold pieces (gained 15).
You feel yourself speed up. "Let me alter your pitiful body."
Your body is suffused with distortional energy.
You feel clever.
There is a stone staircase leading down here.
There is an open door here.
There is an open door here.
You open the door.
There is an open door here.
Done exploring.
There is a stone staircase leading down here.
Unknown command.
Unknown command.
Search for what [Enter for "d:", or ? for help]? ax Unknown command.
Char dumped successfully.
You have 544 gold pieces.
Search for what [Enter for "ax", or ? for help]? artefact Unknown command.
You climb downwards.
You feel a wave of frost pass over you.
There is an entrance to an ice cave on this level.
Hurry and find it before the portal melts!
Found a robe, a book of Spectacle, a bardiche and a wand of roots (4).
There is a stone staircase leading up here.
Unknown command.
Found 14 gold pieces.
Found a scroll of teleportation.
Found a stone staircase leading down.
You enter the shallow water.
Moving in this stuff is going to be slow.
A two-headed ogre simulacrum comes into view.
Found a long sword.
Unknown command.
Aiming: Throw Flame
Press: ? - help, Shift-Dir - straight line, f - two-headed ogre simulacrum
Aim: a two-headed ogre simulacrum (100% to hit)
You feel a surge of power!
Unknown command.
Unknown command.
Aiming: Throw Flame
Press: ? - help, Shift-Dir - straight line, f/p - two-headed ogre simulacrum
Aim: a two-headed ogre simulacrum (almost destroyed, 100% to hit)
You feel a surge of power!
You feel a bit more experienced.
You hear a sizzling sound!
Unknown command. 2 naga simulacra come into view.
Aiming: Throw Flame
Press: ? - help, Shift-Dir - straight line, f - naga simulacrum
Aim: a naga simulacrum (92% to hit)
You feel a slight surge of power.
The puff of flame hits the naga simulacrum!!
The naga simulacrum melts!
The naga simulacrum vaporises!
You hear a sizzling sound!
A spriggan simulacrum comes into view.
Aiming: Throw Flame
Press: ? - help, Shift-Dir - straight line, f - naga simulacrum
Aim: a naga simulacrum (wandering, hasn't noticed you, 91% to hit)
Unknown command.
Aiming: Throw Flame
Press: ? - help, Shift-Dir - straight line, f - spriggan simulacrum, p - naga simulacrum
Aim: a spriggan simulacrum (wandering, hasn't noticed you, 64% to hit)
The puff of flame hits the spriggan simulacrum!
The spriggan simulacrum melts!
The spriggan simulacrum is severely damaged.
Aiming: Throw Flame
Press: ? - help, Shift-Dir - straight line, f/p - spriggan simulacrum
Aim: a spriggan simulacrum (severely damaged, 64% to hit)
The puff of flame hits the spriggan simulacrum!
The spriggan simulacrum melts!
The spriggan simulacrum vaporises!
You hear a sizzling sound!
Aiming: Throw Flame
Press: ? - help, Shift-Dir - straight line, f - naga simulacrum
Aim: a naga simulacrum (severely damaged, 91% to hit)
The puff of flame hits the naga simulacrum!
The naga simulacrum melts!
The naga simulacrum vaporises!
You hear a sizzling sound!
You enter the shallow water.
Moving in this stuff is going to be slow.
Found a frozen archway.
A two-headed ogre simulacrum comes into view.
Aiming: Throw Flame
Press: ? - help, Shift-Dir - straight line, f - two-headed ogre simulacrum
Aim: a two-headed ogre simulacrum (dormant, 100% to hit)
The puff of flame hits the two-headed ogre simulacrum!
The two-headed ogre simulacrum melts!
The two-headed ogre simulacrum is moderately damaged.
Unknown command.
Aiming: Throw Flame
Press: ? - help, Shift-Dir - straight line, f/p - two-headed ogre simulacrum
Aim: a two-headed ogre simulacrum (moderately damaged, 100% to hit)
The puff of flame hits the two-headed ogre simulacrum!
The two-headed ogre simulacrum melts!
The two-headed ogre simulacrum is severely damaged.
Aiming: Throw Flame
Press: ? - help, Shift-Dir - straight line, f/p - two-headed ogre simulacrum
Aim: a two-headed ogre simulacrum (severely damaged, 100% to hit)
The puff of flame hits the two-headed ogre simulacrum!
The two-headed ogre simulacrum melts!
The two-headed ogre simulacrum is almost destroyed.
A naga simulacrum comes into view.
Aiming: Throw Flame
Press: ? - help, Shift-Dir - straight line, f/p - two-headed ogre simulacrum
Aim: a two-headed ogre simulacrum (almost destroyed, 100% to hit)
The puff of flame hits the two-headed ogre simulacrum.
The two-headed ogre simulacrum melts!
The two-headed ogre simulacrum vaporises!
You hear a sizzling sound!
Aiming: Throw Flame
Press: ? - help, Shift-Dir - straight line, f - naga simulacrum
Aim: a naga simulacrum (91% to hit)
The puff of flame hits the naga simulacrum!
The naga simulacrum melts!
The naga simulacrum is heavily damaged.
Unknown command.
You slash the naga simulacrum!
The naga simulacrum vaporises!
There is a frozen archway here.
You enter the shallow water.
Moving in this stuff is going to be slow.
M - 3 scrolls of teleportation (gained 1)
There are no items here.
You hear the faint crackling of a melting archway.
You drop 2 scrolls of poison.
You drop 2 scrolls of enchant weapon.
You drop a +2 robe of positive energy.
You drop 2 scrolls of enchant armour.
You drop a scroll of noise.
You drop a ring of magical power.
You drop a scroll of vulnerability.
There is a frozen archway here.
Okay, then.
Unknown command.
Unknown command.
The world spins around you as you enter the gateway.
You enter an ice cave!
Found 29 gold pieces.
Found an ice covered gate leading back out of this place.
There is an ice choked empty arch of ancient stone here.
The white ugly thing gurgles horribly!
There is an ice covered gate leading back out of this place here.
Aiming: Throw Flame
Press: ? - help, Shift-Dir - straight line, f - death yak simulacrum
Aim: a death yak simulacrum (100% to hit)
You feel a slight surge of power.
The puff of flame hits the death yak simulacrum!
The death yak simulacrum melts!
The death yak simulacrum is moderately damaged.
Aiming: Fastroot
Press: ? - help, Shift-Dir - straight line, p - death yak simulacrum The roots erupt in riotous growth!
Roots grab the white ugly thing.
Roots grab the elephant simulacrum.
The grasping roots constrict the white ugly thing.
The grasping roots constrict the elephant simulacrum.
The elephant simulacrum struggles to escape constriction.
The white ugly thing struggles to escape constriction.
A cane toad simulacrum comes into view.
Unknown command.
Unknown command.
Aiming: Throw Flame
Press: ? - help, Shift-Dir - straight line, f - death yak simulacrum
Aim: a death yak simulacrum (moderately damaged, 100% to hit)
The puff of flame hits the death yak simulacrum.
The death yak simulacrum melts!
The death yak simulacrum is moderately damaged.
The grasping roots constrict the white ugly thing.
The grasping roots constrict the elephant simulacrum!
The white ugly thing escapes!
The elephant simulacrum struggles to escape constriction.
Okay, then.
Unknown command.
Aiming: Mindburst
Press: ? - help, Shift-Dir - straight line, f - white ugly thing, p - death yak simulacrum
Aim: a white ugly thing (lightly wounded, chance to affect: 70%)
The white ugly thing's mind is blasted!
The grasping roots constrict the elephant simulacrum.
The roots release their grip on the elephant simulacrum.
Aiming: Bolt of Light
Press: ? - help, Shift-Dir - straight line, f - cane toad simulacrum, p - white ugly thing
Aim: a cane toad simulacrum (94% to hit)
The bolt of light hits the dire elephant simulacrum.
The dire elephant simulacrum is lightly damaged.
The bolt of light hits the white ugly thing!
The white ugly thing is moderately wounded.
The white ugly thing is blinded.
The bolt of light hits the cane toad simulacrum!!
The cane toad simulacrum is almost destroyed.
You hear Xom's avuncular chuckle.
The white ugly thing basks in the mutagenic energy and changes!
Unknown command.
You hit the dire elephant simulacrum but do no damage.
You headbutt the dire elephant simulacrum!
The dire elephant simulacrum is moderately damaged.
You hit the death yak simulacrum but do no damage.
The death yak simulacrum closely misses you.
The dire elephant simulacrum closely misses you.
The dire elephant simulacrum trunk-slaps you but does no damage.
You hit the dire elephant simulacrum.
The dire elephant simulacrum seems to grow stronger.
Xom thinks this is hilarious!
The dire elephant simulacrum is heavily damaged.
You hit the death yak simulacrum but do no damage.
Unknown command.
You strike the helpless green ugly thing from behind!
You hit the green ugly thing.
The green ugly thing is heavily wounded.
You hit the death yak simulacrum but do no damage.
The death yak simulacrum seems to grow stronger.
You hit the dire elephant simulacrum but do no damage.
The death yak simulacrum gores you! The death yak simulacrum freezes you!!!
The dire elephant simulacrum closely misses you.
You furiously retaliate!
You headbutt the dire elephant simulacrum.
The dire elephant simulacrum trunk-slaps you but does no damage.
The green ugly thing closely misses you.
Unknown command.
Unknown command.
You barely miss the green ugly thing. You headbutt the green ugly thing.
The green ugly thing is heavily wounded.
You hit the death yak simulacrum.
The death yak simulacrum easily resists.
You hit the dire elephant simulacrum but do no damage.
Unknown command.
Unknown command.
Unknown command.
Unknown command.
Press: ? - help, v - describe, . - travel
Here: a dire elephant simulacrum (heavily damaged, strong)
An ice choked empty arch of ancient stone.
The green ugly thing misses you. The death yak simulacrum gores you!!
* * * LOW HITPOINT WARNING * * *
The death yak simulacrum freezes you!!
* * * LOW HITPOINT WARNING * * *
The dire elephant simulacrum tramples you but does no damage.
The dire elephant simulacrum trunk-slaps you.
* * * LOW HITPOINT WARNING * * *
The dire elephant simulacrum freezes you!
You die...
Xom chortles!

Skill      XL: |  1  2  3  4  5  6  7  8  9 10 11 |
---------------+----------------------------------+-----
Axes           | 4 5 6 7 8 9 12 13 15 | 15.4
Fighting       | 4 5 6 7 9 10 | 10.0
Armour         | 4 5 |  5.0
Evocations     | 2 4 |  4.9
Dodging        | 3 5 6 |  6.1

Action                     |  1- 3 |  4- 6 |  7- 9 | 10-12 || total
---------------------------+-------+-------+-------+-------++-------
  Melee: Hand axe          |    93 |   114 |   284 |   133 ||   624
         Headbutt          |     7 |    12 |    73 |    31 ||   123
         Punch             |       |     1 |     6 |     3 ||    10
  Throw: Boomerang         |       |     2 |       |       ||     2
         Dart              |       |     1 |    16 |     5 ||    22
  Evoke: Wand              |       |     1 |     5 |    21 ||    27
    Use: Scroll            |     4 |     2 |     8 |     2 ||    16
         Potion            |       |     1 |     1 |     1 ||     3
   Stab: Sleeping          |       |       |     7 |     1 ||     8
         Petrified         |       |       |    14 |       ||    14
         Petrifying        |       |       |     3 |     1 ||     4
         Invisible         |       |       |     4 |     3 ||     7
         Paralysed         |       |       |     2 |       ||     2
         Distracted        |       |       |       |     2 ||     2
 Armour: Leather armour    |    45 |    67 |   141 |    16 ||   269
         Acid dragon scale |       |       |       |    37 ||    37
  Dodge: Dodged            |    58 |    72 |   110 |    68 ||   308

Levels and vault maps discovered:
D:1:      matt_arrival_refuge, layout_loops_corners, minmay_pentomino_p4
D:2:      layout_rooms, basic_altar
D:3:      layout_basic, serial_shops, shop, biasface_ghost_orc_armoury,
          minmay_strange_pillars
D:4:      layout_basic, serial_shops, shop, serial_demonic, serial_demonic_d,
          serial_demonic_g, serial_demonic_c, serial_demonic_a,
          serial_demonic_f, serial_park_tiny_1, grunt_ministairs_2
D:5:      layout_layer_cave, serial_glass, glass_columns_a, glass_columns_a,
          ebering_ghost_sewer_f
D:6:      layout_basic, nicolae_overflow_hidden_temple, nicolae_shop_self_help
D:7:      layout_basic, minitemple, minmay_temple_entry_ruins
D:8:      layout_gridville
D:9:      layout_irregular_city, kennysheep_mini
D:10:     layout_basic, kennysheep_generic_room_14, uniq_nergalle
D:11:     layout_roguey, erik_lair_dragon, serial_rivers,
          chequers_serial_rivers_small_3, chequers_serial_rivers_micro_e,
          chequers_serial_rivers_small_3, chequers_serial_rivers_micro_a,
          portal_ice_cave_entry_ice_simulacra, serial_park_tiny_2
IceCv:    ice_cave_statue_garden_transporter

Notes
Turn   | Place    | Note
-------+----------+-------------------------------------------
     0 | D:1      | scionoferis the Minotaur Chaos Knight began the quest for
                  | the Orb.
     0 | D:1      | Reached XP level 1. HP: 19/19 MP: 0/0
   145 | D:1      | XOM: silly message
   380 | D:1      | Reached skill level 4 in Axes
   384 | D:1      | XOM: silly message
   386 | D:1      | XOM: destruction
   391 | D:1      | Reached XP level 2. HP: 23/27 MP: 1/1
   790 | D:1      | Reached skill level 4 in Fighting
   940 | D:2      | XOM: summons friendly crimson imp
  1002 | D:2      | Reached XP level 3. HP: 9/33 MP: 2/2
  1002 | D:2      | HP: 8/33 [poisoned by an adder]
  1054 | D:2      | XOM: god gift: scroll labelled LUM OBLATTEEQY {god gift}
  1154 | D:2      | Found a burning altar of Makhleb.
  1168 | D:2      | Reached skill level 5 in Axes
  1356 | D:2      | Reached XP level 4. HP: 36/41 MP: 3/3
  1676 | D:3      | Found Joomah's Antique Armour Emporium.
  1705 | D:3      | XOM: silly message
  1820 | D:3      | Found a runed translucent gate.
  1821 | D:3      | Found a runed translucent gate.
  1822 | D:3      | Found a runed translucent gate.
  1823 | D:3      | Noticed Scrimshaw's ghost (amateur OpSh)
  2070 | D:3      | XOM: potion effect (attraction)
  2074 | D:3      | Killed Scrimshaw's ghost
  2075 | D:3      | Reached skill level 5 in Fighting
  2075 | D:3      | Reached skill level 6 in Axes
  2075 | D:3      | Reached XP level 5. HP: 45/48 MP: 4/4
  2417 | D:4      | Reached skill level 7 in Axes
  2417 | D:4      | Reached XP level 6. HP: 56/56 MP: 5/5
  2418 | D:4      | XOM: silly message
  2445 | D:4      | Found Axof's Antique Armour Boutique.
  2485 | D:4      | XOM: 4-stop teleportation journey
  2554 | D:4      | XOM: cast spell 'Summon Ice Beast'
  2556 | D:4      | Reached skill level 6 in Fighting
  2569 | D:4      | Reached skill level 8 in Axes
  2716 | D:4      | Reached XP level 7. HP: 63/63 MP: 6/6
  2845 | D:4      | XOM: give mutations
  2845 | D:4      | Gained mutation: You are frail. (-10% HP) [Xom's mischief]
  2845 | D:4      | Gained mutation: Your magical capacity is low. (-10% MP)
                  | [Xom's mischief]
  2984 | D:5      | Entered Level 5 of the Dungeon
  3002 | D:5      | Found a runed translucent door.
  3026 | D:5      | XOM: summons 4 hostile demons
  3027 | D:5      | Noticed a rust devil
  3037 | D:5      | XOM: cast spell 'Alistair's Intoxication'
  3091 | D:5      | HP: 11/57 [howler monkey (7)]
  3092 | D:5      | HP: 1/57 [howler monkey (8)]
  3269 | D:4      | XOM: give mutation
  3269 | D:4      | Gained mutation: Your spells are a little easier to cast,
                  | but a little less powerful. [Xom's mischief]
  3529 | D:5      | XOM: swap monsters
  3534 | D:5      | Reached skill level 9 in Axes
  3541 | D:5      | Reached skill level 7 in Fighting
  3824 | D:4      | XOM: give mutation
  3824 | D:4      | Gained mutation: You have a pair of large horns on your
                  | head. [Xom's mischief]
  4158 | D:5      | Reached XP level 8. HP: 65/65 MP: 6/6
  4181 | D:5      | XOM: torment (34/65 hp)
  4389 | D:5      | Found a runed translucent door.
  4408 | D:5      | Noticed promet's ghost (amateur OgWn)
  4437 | D:5      | Reached skill level 10 in Axes
  4521 | D:5      | XOM: enchant monster (good)
  4820 | D:5      | XOM: draining
  4885 | D:5      | XOM: cloud trail
  5024 | D:6      | XOM: scenery: create altars
  5061 | D:6      | Found Fuec's Self-Improvement Boutique.
  5061 | D:6      | XOM: 5-stop teleportation journey
  5071 | D:6      | XOM: silly message
  5073 | D:6      | Reached skill level 8 in Fighting
  5075 | D:6      | HP: 15/65 [ufetubus (3)]
  5261 | D:6      | Found a shadowy altar of Dithmenos.
  5264 | D:6      | Found a sacrificial altar of Ru.
  5282 | D:6      | XOM: scenery: 1 doors close
  5304 | D:6      | XOM: swap monsters
  5309 | D:6      | Reached skill level 11 in Axes
  5342 | D:6      | Found a white marble altar of Elyvilon.
  5343 | D:6      | Found an iron altar of Okawaru.
  5537 | D:6      | XOM: torment (35/67 hp)
  5681 | D:6      | Noticed a cyclops
  5683 | D:6      | XOM: potion effect (heal wounds)
  5700 | D:6      | Killed a cyclops
  5701 | D:6      | Reached skill level 9 in Fighting
  5701 | D:6      | Reached skill level 12 in Axes
  5701 | D:6      | Reached XP level 9. HP: 65/74 MP: 7/7
  5896 | D:6      | XOM: 7-stop teleportation journey
  6223 | D:7      | XOM: scenery: 1 doors open
  6226 | D:7      | XOM: give mutations
  6226 | D:7      | Gained mutation: You expend magic power (3 MP) to
                  | strengthen your wands. [Xom's grace]
  6226 | D:7      | Gained mutation: You are partially covered in iridescent
                  | scales. (AC +2) [Xom's grace]
  6226 | D:7      | Gained mutation: Your muscles are strong. (Str +4, Int/Dex
                  | -1) [Xom's grace]
  6226 | D:7      | Gained mutation: Your muscles are very strong. (Str +8,
                  | Int/Dex -2) [Xom's grace]
  6331 | D:7      | XOM: smoke on damage
  6520 | D:7      | Found a staircase to the Ecumenical Temple.
  6589 | D:7      | Reached skill level 3 in Armour
  6589 | D:7      | Reached skill level 1 in Evocations
  6668 | D:7      | Found a blossoming altar of Fedhas.
  6679 | D:7      | Found a shimmering altar of Xom.
  6693 | D:7      | XOM: give mutations
  6693 | D:7      | Lost mutation: You are frail. (-10% HP) [Xom's grace]
  6693 | D:7      | Gained mutation: Your natural rate of healing is unusually
                  | fast. [Xom's grace]
  6693 | D:7      | Gained mutation: You are agile. (Dex +4, Str/Int -1) [Xom's
                  | grace]
  6927 | D:6      | XOM: give mutations
  6927 | D:6      | Gained mutation: Your flesh is heat resistant. (rF+) [Xom's
                  | grace]
  6927 | D:6      | Gained mutation: You are very agile. (Dex +8, Str/Int -2)
                  | [Xom's grace]
  7026 | D:8      | XOM: potion effect (invisibility)
  7032 | D:8      | Reached skill level 2 in Dodging
  7098 | D:8      | Reached skill level 13 in Axes
  7122 | D:8      | XOM: give mutations
  7122 | D:8      | Gained mutation: Your mind is acute. (Int +4, Str/Dex -1)
                  | [Xom's mischief]
  7122 | D:8      | Gained mutation: You occasionally lose the ability to read
                  | scrolls when taking damage. [Xom's mischief]
  7242 | D:8      | Reached skill level 4 in Armour
  7242 | D:8      | Reached skill level 2 in Evocations
  7312 | D:8      | Reached skill level 3 in Dodging
  7364 | D:8      | Reached skill level 10 in Fighting
  7386 | D:8      | XOM: fog
  7442 | D:8      | XOM: summons 4 hostile demons
  7506 | D:8      | XOM: scenery: 2 doors open, 1 doors close
  7511 | D:8      | XOM: give mutations
  7511 | D:8      | Lost mutation: Your magical capacity is low. (-10% MP)
                  | [Xom's mischief]
  7511 | D:8      | Lost mutation: Your flesh is heat resistant. (rF+) [Xom's
                  | mischief]
  7640 | D:8      | XOM: scenery: 1 doors close
  7702 | D:8      | XOM: give mutations
  7702 | D:8      | Gained mutation: Your movements are slightly less
                  | encumbered by armour. (ER -2) [Xom's grace]
  7702 | D:8      | Gained mutation: You passively map a small area around you.
                  | [Xom's grace]
  7702 | D:8      | Gained mutation: Your flesh is heat resistant. (rF+) [Xom's
                  | grace]
  7702 | D:8      | Gained mutation: You are robust. (+10% HP) [Xom's grace]
  7704 | D:8      | Reached XP level 10. HP: 93/102 MP: 9/9
  7723 | D:8      | XOM: draining
  7828 | D:9      | Noticed a deep elf pyromancer
  7848 | D:9      | a deep elf pyromancer changed into a guardian serpent
  7848 | D:9      | Noticed a guardian serpent
  7848 | D:9      | XOM: polymorph deep elf pyromancer -> guardian serpent
  7851 | D:9      | HP: 14/94 [guardian serpent (16)]
  7860 | D:9      | XOM: scenery: summon butterflies
  7868 | D:9      | XOM: summons 10 friendly demons
  7894 | D:9      | Killed a guardian serpent
  7895 | D:9      | Reached skill level 5 in Armour
  7895 | D:9      | Reached skill level 3 in Evocations
  7996 | D:9      | Reached skill level 4 in Dodging
  8032 | D:9      | Reached skill level 14 in Axes
  8096 | D:9      | Found a glowing silver altar of Zin.
  8163 | D:9      | XOM: summons friendly white imp
  8168 | D:9      | XOM: polymorph white imp -> cerulean imp
  8614 | D:10     | Entered Level 10 of the Dungeon
  8675 | D:10     | Noticed Nergalle
  8697 | D:10     | Killed Nergalle
  8698 | D:10     | Reached skill level 5 in Dodging
  8698 | D:10     | Reached skill level 4 in Evocations
  8886 | D:10     | XOM: 1-stop teleportation journey
  8903 | D:10     | XOM: summons 4 friendly demons
  8906 | D:10     | XOM: 4-stop teleportation journey
  8954 | D:10     | XOM: summons 4 friendly demons
  8968 | D:10     | Reached skill level 15 in Axes
  9112 | D:10     | Noticed a gargoyle
  9112 | D:10     | XOM: 1-stop teleportation journey
  9161 | D:10     | XOM: cast spell 'Monstrous Menagerie'
  9171 | D:10     | Reached XP level 11. HP: 108/108 MP: 10/10
  9180 | D:10     | Reached skill level 6 in Dodging
  9314 | D:10     | XOM: give mutation
  9314 | D:10     | Gained mutation: Your mind is very acute. (Int +8, Str/Dex
                  | -2) [Xom's grace]
  9408 | D:11     | Found a frozen archway.
  9448 | IceCv    | Entered an ice cave
  9448 | IceCv    | Noticed a white ugly thing
  9454 | IceCv    | XOM: polymorph white ugly thing -> green ugly thing
  9459 | IceCv    | HP: 19/108 [death yak simulacrum (19)]
  9459 | IceCv    | Slain by a dire elephant simulacrum

Vanquished Creatures
  Nergalle (D:10)
  A cyclops (D:6)
  2 hornets (D:8 D:9)
  2 wraiths (D:9 D:10)
  7 yaks (D:9 D:10)
  3 wyverns (D:8 D:9)
  A steam dragon (D:9)
  An acid dragon (D:9)
  2 water moccasins (D:6 D:7)
  3 black bears (D:4 D:5 D:8)
  4 orc warriors (D:6 D:8)
  3 ice beasts (D:5 D:6 D:7)
  A sky beast (D:7)
  A centaur (D:10)
  2 ogres (D:4 D:5)
  The ghost of Scrimshaw the Insei, an amateur OpSh (D:3)
  A phantom (D:5)
  3 bullfrogs (D:7 D:8 D:9)
  2 two-headed ogre simulacra (D:11)
  4 scorpions (D:6 D:7)
  5 wights (D:9)
  3 killer bees (D:10)
  2 howler monkeys (D:5 D:10)
  2 quasits (D:4)
  2 jellies (D:6 D:8)
  3 hounds (D:5 D:6)
  5 orc priests (D:5 D:6 D:8)
  A gnoll bouda (D:7)
  3 iguanas (D:4 D:5 D:6)
  A sleepcap (D:5)
  8 orc wizards (D:4 D:5 D:6 D:7 D:10)
  A spriggan simulacrum (D:11)
  14 gnolls (D:7 D:8)
  9 adders (D:2 D:3 D:4 D:5 D:6)
  3 naga simulacra (D:11)
  3 white imps (D:4 D:7)
  2 ufetubi (D:6)
  A worm (D:2)
  3 dart slugs (D:2 D:3 D:5)
  34 orcs (D:3 D:4 D:5 D:6 D:7)
  8 endoplasms (D:1 D:2 D:3 D:4)
  2 giant cockroaches (D:1 D:3)
  4 goblins (D:2 D:3 D:4)
  8 hobgoblins (D:1 D:2 D:4)
  3 jackals (D:3)
  4 quokkas (D:1 D:2)
  4 ball pythons (D:2 D:3 D:4)
  8 bats (D:1 D:2 D:3)
  A frilled lizard (D:1)
  7 kobolds (D:2 D:4)
  3 rats (D:1 D:2 D:3)
202 creatures vanquished.

Vanquished Creatures (collateral kills)
  A guardian serpent (D:9)
  A wind drake (D:10)
  7 yaks (D:9 D:10)
  2 killer bees (D:10)
  An adder (D:4)
  A shadow imp (D:4)
  An ufetubus (D:4)
  An endoplasm (D:4)
15 creatures vanquished.

Vanquished Creatures (others)
  A goblin (D:1)
1 creature vanquished.

Grand Total: 218 creatures vanquished

Table legend: (Time is in decaauts)
 A = Elapsed time spent in this place.
 B = Non-inter-level travel time spent in this place.
 C = Inter-level travel time spent in this place.
 D = Time resting spent in this place.
 E = Time spent auto-exploring this place.
 F = Levels seen in this place.
 G = Mean time per level.
                   A        B        C        D        E       F      G
               +--------+--------+--------+--------+--------+-----+--------+
         Total |   9384 |   9078 |    306 |    510 |   6793 |  12 |  782.0 |
       Dungeon |   9374 |   9068 |    306 |    510 |   6793 |  11 |  852.2 |
      Ice Cave |      9 |      9 |      0 |      0 |      0 |   1 |    9.0 |
               +--------+--------+--------+--------+--------+-----+--------+

Top non-repeatable levels by time:
     D:5: 1664 daAuts
     D:4: 1173 daAuts
     D:6: 1143 daAuts
     D:1: 917 daAuts
     D:9: 883 daAuts
     D:7: 794 daAuts
     D:8: 755 daAuts
    D:10: 742 daAuts
     D:2: 641 daAuts
     D:3: 595 daAuts
    D:11: 64 daAuts
   IceCv: 9 daAuts

Table legend:
 A = Non-vault XP
 B = Vault XP
 C = Vault XP percentage of total XP
 D = Non-vault monster count
 E = Vault monster count
 F = Vault count percentage of total count
                 A         B        C        D         E       F
            +---------+---------+-------+---------+---------+-------
      Total |   11023 |    1294 |  10.5 |     188 |      29 |  13.4
            +---------+---------+-------+---------+---------+-------
        D:1 |      14 |       8 |  36.4 |       8 |       5 |  38.5
        D:2 |      77 |       0 |   0.0 |      22 |       0 |   0.0
        D:3 |      36 |     130 |  78.3 |      12 |      10 |  45.5
        D:4 |     367 |     135 |  26.9 |      20 |       7 |  25.9
        D:5 |     929 |       0 |   0.0 |      24 |       0 |   0.0
        D:6 |    1496 |       0 |   0.0 |      20 |       0 |   0.0
        D:7 |     833 |       0 |   0.0 |      23 |       0 |   0.0
        D:8 |    1512 |       0 |   0.0 |      20 |       0 |   0.0
        D:9 |    2525 |       0 |   0.0 |      15 |       0 |   0.0
       D:10 |    3234 |     783 |  19.5 |      24 |       1 |   4.0
       D:11 |       0 |     238 | 100.0 |       0 |       6 | 100.0
            +---------+---------+-------+---------+---------+-------
